 Dungeon Crawl Stone Soup version 0.29.1-15-g9cfb28693d (webtiles) character file.

Game seed: 12722654832646008216

11997 raph the Frost Mage (level 11, -5/89 HPs)
             Began as a Grey Draconian Ice Elementalist on Feb 22, 2023.
             Was a High Priest of Makhleb.
             Killed from afar by an oklob plant (23 damage)
             ... with a splash of acid
             ... on level 11 of the Dungeon.
             The game lasted 00:18:31 (13735 turns).

raph the Frost Mage (DrIE)                         Turns: 13735, Time: 00:18:32

Health: -5/89      AC:  8    Str: 10    XL:     11   Next: 56%
Magic:  19/19      EV: 13    Int: 19    God:    Makhleb [*****.]
Gold:   663        SH:  6    Dex: 13    Spells: 5/21 levels left

rFire   . . .      SeeInvis +   a - +3 trident (pain)
rCold   . . .      Faith    .   i - +1 buckler
rNeg    . . .      Spirit   .   (body armour unavailable)
rPois   .          Reflect  .   (helmet restricted)
rElec   .          Harm     .   c - +2 cloak
rCorr   .          Rampage  .   (no gloves)
Will    .....                   J - +0 pair of boots
Stlth   ++........              I - amulet of magic regeneration
HPRegen 0.24/turn               q - +4 ring of protection
MPRegen 0.56/turn               E - ring of see invisible

@: corroded
A: AC +12, amphibious, unfitting armour, cold-blooded
a: Renounce Religion, Minor Destruction, Lesser Servant of Makhleb, Major
Destruction, Greater Servant of Makhleb


You were on level 11 of the Dungeon.
You worshipped Makhleb.
Makhleb was extremely pleased with you.
You visited 1 branch of the dungeon, and saw 11 of its levels.
You also visited: Sewer and Ossuary.

You collected 858 gold pieces.
You spent 195 gold pieces at shops.

Inventory:

Hand Weapons
 a - a +3 trident of pain (weapon)
 d - a +8 dagger of flaming
 f - a +0 short sword
 p - a +3 short sword
 B - a +5 spear of pain
Missiles
 P - a throwing net
Armour
 c - a +2 cloak (worn)
 i - a +1 buckler (worn)
 J - a +0 pair of boots (worn)
Magical Staves
 K - a staff of cold
Jewellery
 q - a +4 ring of protection (left hand)
 y - a ring of fire
 E - a ring of see invisible (right hand)
 I - an amulet of magic regeneration (around neck)
 N - a ring of positive energy
Wands
 b - a wand of flame (42)
 w - a wand of roots (3)
 x - a wand of polymorph (21)
 A - a wand of acid (4)
 H - a wand of charming (15)
 L - a wand of digging (5)
Scrolls
 h - a scroll of magic mapping
 j - 4 scrolls of teleportation
 l - 4 scrolls of amnesia
 C - 3 scrolls of blinking
 D - 4 scrolls of identify
 M - a scroll of brand weapon
 O - a scroll of silence
Potions
 e - 2 potions of lignification
 g - 6 potions of flight
 k - 3 potions of might
 m - 9 potions of curing
 n - 4 potions of mutation
 o - a potion of attraction
 r - 3 potions of brilliance
 s - 2 potions of invisibility
 t - 3 potions of heal wounds
 u - 3 potions of resistance
 v - 5 potions of haste
 z - 3 potions of magic
 F - 3 potions of cancellation
 G - a potion of berserk rage


   Skills:
 + Level 6.2 Fighting
 + Level 4.2 Polearms
 + Level 5.5 Dodging
 - Level 1.7 Stealth
 + Level 5.7 Shields
 + Level 5.8 Spellcasting
 - Level 2.4 Conjurations
 * Level 6.3 Necromancy
 - Level 9.8 Ice Magic
 * Level 6.1 Earth Magic
 + Level 6.2 Invocations


You had 5 spell levels left.
You knew the following spells:

 Your Spells              Type           Power      Damage    Failure   Level
a - Freeze                Ice            100%       1d11      1%          1
b - Frozen Ramparts       Ice            84%        1d13      1%          3
c - Ozocubu's Armour      Ice            42%        N/A       1%          3
d - Hailstorm             Conj/Ice       28%        3d8       12%         4
e - Lee's Rapid Deconstr  Erth           14%        3d10*     32%         5

Your spell library contained the following spells:

 Spells                   Type           Power      Damage    Failure   Level
 Fulminant Prism          Conj/Hex       5%         3d7       65%         4
 Iskenderun's Mystic Bla  Conj/Tloc      10%        2d4       65%         4


Dungeon Overview and Level Annotations

Branches:
Dungeon (11/15)            Temple (0/1) D:6            Lair (0/5) D:11
  Sewer (visited)         Ossuary (visited)
    Orc: D:9-12

Altars:
Ashenzari
Elyvilon
Fedhas
Makhleb
Qazlal
Trog
Uskayaw
Wu Jian
Yredelemnul

Shops:
D:4 !

Annotations:
D:5 1 runed translucent door, enotiy's ghost, novice GrFi
D:7 3 runed translucent doors, Southy's ghost, novice MiBe
D:9 1 runed translucent door, gargbit's ghost, journeyman NaVM
D:11 exclusion: oklob plant


Innate Abilities, Weirdness & Mutations

Your dull iron-grey scales are very hard. (AC +12)
You are amphibious.
You cannot fit into any form of body armour.
You are cold-blooded and may be slowed by cold attacks.


Message History

You hit the oklob plant but do no damage.
The oklob plant is heavily damaged.
Reach: a) +3 trident (pain)
Press: ? - help, Dir - move target, f/p - oklob plant
Aim: an oklob plant (heavily damaged, about 2% to evade your +3 trident of pain)
You reach to attack!
You hit the oklob plant but do no damage.
The oklob plant writhes in agony.
The oklob plant is severely damaged.
The oklob plant spits acid at you. The splash of acid hits you!!
* * * LOW HITPOINT WARNING * * *
The acid corrodes you!
Reach: a) +3 trident (pain)
Press: ? - help, Dir - move target, f/p - oklob plant
Aim: an oklob plant (severely damaged, about 2% to evade your +3 trident of pain)
You reach to attack!
You hit the oklob plant but do no damage.
The oklob plant writhes in agony.
The oklob plant is severely damaged.
The oklob plant spits acid at you. The splash of acid hits you!
* * * LOW HITPOINT WARNING * * *
The acid corrodes you!
You feel much better. The oklob plant spits acid at you.
The splash of acid hits you!
* * * LOW HITPOINT WARNING * * *
You hit the oklob plant.
The oklob plant writhes in agony.
The oklob plant is almost destroyed.
The oklob plant spits acid at you. The splash of acid hits you.
* * * LOW HITPOINT WARNING * * *
The acid corrodes you!
You hit the oklob plant but do no damage.
The oklob plant writhes in agony.
The oklob plant is almost destroyed.
The oklob plant spits acid at you. The splash of acid hits you!!
You die...

#)...............###..#
................###...#
.....###........#....##### ....##
#............## #.# ....#
##....###.....###.### ....##
##.#...≈...#.#.#....#
.....###.#..#...#..##.....##
.........#.##.PP##.##......#
.........#..PPPP@..##.....####
.........#≈.PP>PP.≈#.....###.#
..^......#...PPPP..#........#####
.........#.##...##.#.......##....
.........#..#...#..#.......#..#.#
....#..[..#...≈./.#...........###
...###.).....###.................
....#.....................).....#
......................###........


You could see an oklob plant.

Vanquished Creatures
  A boulder beetle (D:11)
  A centaur warrior (D:11)
  Erica (D:8)
  A manticore (D:11)
  Joseph (D:8)
  Maurice (D:8)
  An unseen horror (D:9)
  A gargoyle (D:10)
  3 trolls
  A hornet (D:9)
  Grinder (D:5)
  Prince Ribbit (D:5)
  A shadow (D:11)
  2 wyverns
  A vampire (D:11)
  17 yaks
  A water moccasin (D:5)
  Pargi (Sewer)
  A black bear (D:6)
  2 sky beasts
  2 orc warriors
  4 centaurs (D:11)
  An ogre (D:6)
  A kobold brigand (D:9)
  A phantom (D:4)
  4 bullfrogs
  2 necrophages
  A gnoll sergeant (D:8)
  A scorpion (D:5)
  8 wights (D:9)
  5 howler monkeys
  A hound (D:3)
  5 orc priests
  3 jellies
  2 gnoll boudas
  Ijyb (D:5)
  Jessica (D:3)
  An iguana (D:5)
  9 orc wizards
  A mummy (Ossuary)
  Robin (D:4)
  18 gnolls
  8 adders
  A shadow imp (D:7)
  A white imp (D:5)
  An ufetubus (D:5)
  A worm (D:3)
  2 dart slugs
  42 orcs
  5 ball pythons
  6 bats
  6 endoplasms
  7 giant cockroaches
  2 gnoll zombies (Ossuary)
  11 goblins
  8 hobgoblins
  3 quokkas
  7 frilled lizards
  A hobgoblin zombie (Ossuary)
  14 kobolds
  A kobold zombie (Ossuary)
  An orc zombie (Ossuary)
  2 quokka zombies (D:3)
  6 rats
249 creatures vanquished.

Vanquished Creatures (collateral kills)
  Urug (D:11)
  A wraith (D:11)
  A yak (D:11)
  A howler monkey (D:11)
  An orc priest (D:9)
  7 mummies (Ossuary)
  A kobold zombie (Ossuary)
  2 orc zombies (Ossuary)
15 creatures vanquished.

Vanquished Creatures (others)
  An acid dragon (D:11)
  An endoplasm (D:1)
  A hobgoblin (D:1)
  A fungus (D:8)
  2 plants
6 creatures vanquished.

Grand Total: 270 creatures vanquished

Notes
Turn   | Place    | Note
-------+----------+-------------------------------------------
     0 | D:1      | raph the Draconian Ice Elementalist began the quest for the
                  | Orb.
     0 | D:1      | Reached XP level 1. HP: 14/14 MP: 3/3
   827 | D:1      | Reached XP level 2. HP: 20/20 MP: 1/5
  1544 | D:1      | Reached skill level 5 in Ice Magic
  1812 | D:2      | Reached XP level 3. HP: 26/26 MP: 6/6
  1816 | D:2      | Learned a level 3 spell: Frozen Ramparts
  3056 | D:3      | Found a burning altar of Makhleb.
  3065 | D:3      | Became a worshipper of Makhleb the Destroyer
  3196 | D:3      | Reached XP level 4. HP: 29/33 MP: 3/7
  3257 | D:3      | Found a glowing drain.
  3284 | Sewer    | Entered a sewer
  3312 | Sewer    | Noticed Pargi
  3316 | Sewer    | Reached skill level 6 in Ice Magic
  3323 | Sewer    | Killed Pargi
  3324 | Sewer    | Reached XP level 5. HP: 33/38 MP: 1/8
  3394 | Sewer    | Learned a level 3 spell: Ozocubu's Armour
  3668 | D:3      | Reached skill level 7 in Ice Magic
  3682 | D:3      | Reached XP level 6. HP: 45/45 MP: 0/9
  3974 | D:3      | Reached * piety under Makhleb
  4048 | D:3      | Noticed Jessica
  4060 | D:3      | Killed Jessica
  4217 | D:3      | Found a faded altar of an unknown god.
  4274 | D:3      | Found a basalt altar of Yredelemnul.
  4728 | D:4      | Found an ornate altar of the Wu Jian Council.
  5044 | D:4      | Noticed Robin
  5048 | D:4      | Reached ** piety under Makhleb
  5053 | D:4      | Killed Robin
  5211 | D:4      | Reached skill level 1 in Fighting
  5211 | D:4      | Reached skill level 1 in Shields
  5211 | D:4      | Reached skill level 1 in Invocations
  5211 | D:4      | Your scales start taking on a dull iron-grey colour.
  5211 | D:4      | Reached XP level 7. HP: 52/52 MP: 7/10
  5487 | D:4      | Found Qitem's Distillery.
  5492 | D:4      | Bought a potion of heal wounds for 65 gold pieces
  5492 | D:4      | Bought a potion of haste for 130 gold pieces
  5670 | D:5      | Entered Level 5 of the Dungeon
  5698 | D:5      | Reached skill level 8 in Ice Magic
  5701 | D:5      | Noticed Prince Ribbit
  5713 | D:5      | Killed Prince Ribbit
  6079 | D:5      | Noticed Ijyb
  6090 | D:5      | Killed Ijyb
  6198 | D:5      | Noticed enotiy's ghost (novice GrFi)
  6201 | D:5      | Found a runed translucent door.
  6287 | D:5      | Reached XP level 8. HP: 46/61 MP: 5/12
  6461 | D:5      | Learned a level 4 spell: Hailstorm
  6697 | D:5      | Noticed Grinder
  6706 | D:5      | Paralysed by Grinder for 2 turns
  6723 | D:5      | Killed Grinder
  7289 | D:6      | Reached skill level 1 in Conjurations
  7468 | D:6      | Reached skill level 9 in Ice Magic
  7871 | D:6      | Reached *** piety under Makhleb
  8240 | D:6      | Found a staircase to the Ecumenical Temple.
  8566 | D:7      | Reached XP level 9. HP: 70/70 MP: 7/14
  8632 | D:7      | Found a white marble altar of Elyvilon.
  8792 | D:7      | Found a bloodstained altar of Trog.
  9369 | D:7      | Found a runed translucent gate.
  9372 | D:7      | Found a runed translucent gate.
  9373 | D:7      | Found a runed translucent gate.
  9376 | D:7      | Noticed Southy's ghost (novice MiBe)
  9636 | D:8      | Noticed Erica
  9655 | D:8      | Killed Erica
  9656 | D:8      | Reached skill level 1 in Polearms
  9656 | D:8      | Reached skill level 1 in Necromancy
  9711 | D:8      | Found a stormy altar of Qazlal.
  9713 | D:8      | Found a blossoming altar of Fedhas.
  9777 | D:8      | Noticed Joseph
  9789 | D:8      | Noticed a troll
  9798 | D:8      | Killed Joseph
  9798 | D:8      | Killed a troll
 10038 | D:8      | Reached XP level 10. HP: 80/80 MP: 16/16
 10081 | D:8      | Found a sand-covered staircase.
 10090 | Ossuary  | Entered an ossuary
 10103 | Ossuary  | Reached **** piety under Makhleb
 10418 | D:8      | Learned a level 5 spell: Lee's Rapid Deconstruction
 10438 | D:8      | Noticed Maurice
 10456 | D:8      | Killed Maurice
 10457 | D:8      | Reached skill level 1 in Earth Magic
 11070 | D:9      | Noticed a black mamba
 11070 | D:9      | Noticed gargbit's ghost (journeyman NaVM)
 11071 | D:9      | Found a runed translucent door.
 11156 | D:9      | Reached skill level 5 in Fighting
 11156 | D:9      | Reached skill level 5 in Invocations
 11167 | D:9      | Reached skill level 5 in Spellcasting
 11183 | D:9      | Noticed a +0 spear
 11183 | D:9      | Noticed a +0 falchion
 11183 | D:9      | Noticed a +0 short sword
 11183 | D:9      | Noticed a +0 short sword
 11183 | D:9      | Noticed a +0 falchion
 11183 | D:9      | Noticed a +0 dagger
 11185 | D:9      | Noticed a +0 dagger
 11185 | D:9      | Noticed a +0 spear
 11190 | D:9      | Found a hide-covered altar of Uskayaw.
 11650 | D:9      | Noticed a bunyip
 11743 | D:10     | Entered Level 10 of the Dungeon
 11769 | D:10     | Reached skill level 5 in Shields
 11791 | D:10     | Reached skill level 5 in Dodging
 11798 | D:10     | Reached skill level 5 in Necromancy
 12113 | D:10     | Noticed a gargoyle
 12129 | D:10     | Killed a gargoyle
 12130 | D:10     | Reached XP level 11. HP: 57/89 MP: 19/19
 12801 | D:11     | Reached ***** piety under Makhleb
 12907 | D:11     | Noticed a centaur warrior
 12921 | D:11     | Killed a centaur warrior
 12922 | D:11     | Reached skill level 5 in Earth Magic
 12993 | D:11     | Noticed Urug
 13008 | D:11     | Killed Urug
 13066 | D:11     | Noticed a boulder beetle
 13114 | D:11     | Killed a boulder beetle
 13300 | D:11     | Found a staircase to the Lair.
 13300 | D:11     | Noticed an oklob plant
 13327 | D:11     | Found a broken altar of Ashenzari.
 13735 | D:11     | Killed from afar by an oklob plant

Illustrated notes

Levels and vault maps discovered:
D:1:      nzn_arrival_water_spiral, layout_rooms, grunt_decor_fettered,
          lemuel_flame_loot_1
D:2:      layout_loops_cross, bh_walls_and_bars
D:3:      layout_basic, lightli_temple_of_fire, lemuel_zombie_altar_yredelemnul,
          hellmonk_ecumenical_altar_arch_garden, gup_sewer_entry_glass,
          uniq_jessica
D:4:      layout_basic, old_standard_altar, serial_shops,
          nicolae_shop_hallway_plus, wad_orctagon, uniq_robin
D:5:      layout_basic, hellmonk_ghost_happy_afterlife, uniq_prince_ribbit1,
          uniq_grinder, uniq_ijyb
D:6:      layout_basic, temple_green
D:7:      layout_loops_ring, mainiacjoe_overflow_catwalk_spiral,
          ebering_ghost_rock_garden
D:8:      layout_rooms, grunt_temple_overflow_forces_of_nature,
          nicolae_ossuary_entry_ruins, uniq_maurice, uniq_joseph, uniq_erica
D:9:      layout_loops_ring, nicolae_uskayaw_en_pointe,
          ebering_ghost_inner_flame
D:10:     layout_roguey
D:11:     layout_big_octagon, dpeg_oklobed_lair, ashenzari_altar_1, uniq_urug

Skill      XL: |  1  2  3  4  5  6  7  8  9 10 11 |
---------------+----------------------------------+-----
Ice Magic      | 5 6 7 8 9 |  9.8
Fighting       | 1 2 3 4 5 6 |  6.2
Dodging        | 2 3 4 5 |  5.5
Shields        | 1 2 3 4 5 |  5.7
Invocations    | 1 2 3 4 5 6 |  6.2
Spellcasting   | 3 4 5 |  5.8
Conjurations   | 2 |  2.4
Polearms       | 2 3 4 |  4.2
Necromancy     | 3 5 6 |  6.3
Earth Magic    | 4 6 |  6.1
Stealth        | |  1.7

Action                   |  1- 3 |  4- 6 |  7- 9 | 10-12 || total
-------------------------+-------+-------+-------+-------++-------
Melee: Unarmed           |     8 |       |       |       ||     8
       Short sword       |    91 |    27 |       |       ||   118
       Tailslap          |    12 |     2 |    16 |    44 ||    74
       Dagger            |       |    21 |    88 |       ||   109
       Trident           |       |       |    18 |   197 ||   215
       Spear             |       |       |     6 |    45 ||    51
 Cast: Freeze            |    27 |    13 |     2 |       ||    42
       Frozen Ramparts   |    10 |    19 |    37 |    25 ||    91
       Ozocubu's Armour  |       |     6 |    17 |    18 ||    41
       Hailstorm         |       |       |     4 |     2 ||     6
Invok: Minor Destruction |       |       |    10 |       ||    10
       Lesser Servant of |       |       |       |     3 ||     3
Evoke: Wand              |       |       |       |     2 ||     2
  Use: Scroll            |       |    15 |     5 |     8 ||    28
       Potion            |       |       |     1 |     2 ||     3
 Stab: Sleeping          |     2 |       |       |       ||     2
Armor: Skin              |    42 |    60 |    55 |   116 ||   273
Dodge: Dodged            |    73 |    61 |    69 |   127 ||   330
Block: Buckler           |    12 |    15 |    29 |    63 ||   119
